 Dungeon Crawl Stone Soup version 0.30.0-5-g1a98f26d00 (webtiles) character file.

Game seed: 10643128734347592475

7604 Acheron the Cleaver (level 11, 0/92 (94) HPs)
             Began as a Hill Orc Chaos Knight on May 8, 2023.
             Was a Plaything of Xom.
             Slain by a five-headed hydra (13 damage)
             ... on level 11 of the Dungeon.
             The game lasted 00:32:31 (6718 turns).

Acheron the Cleaver (Hill Orc Chaos Knight)         Turns: 6718, Time: 00:32:31

HP:   0/92 (94)     AC: 11    Str: 16    XL:     11   Next: 17%
MP:   12/12         EV: 14    Int: 12    God:    Xom [.....*]
Gold: 393           SH:  0    Dex: 14    Spells: 4/10 levels left

rFire   . . .        p - +3 battleaxe (venom)
rCold   . . .        (shield currently unavailable)
rNeg    + . .        b - +2 leather armour
rPois   .            h - +1 hat
rElec   +            A - +0 cloak {Will+}
rCorr   .            F - +2 pair of gloves {hurl}
SInv    .            (no boots)
Will    +....        (no amulet)
Stlth   +++          r - ring of wizardry
HPRegen 0.35/turn    H - ring of positive energy
MPRegen 0.13/turn

%: wizardry (x1)
@: about to teleport, lightly drained
A: claws 1, high MP 1, passive freeze, electricity resistance, noise suppression
a: Renounce Religion


You were on level 11 of the Dungeon.
You worshipped Xom.
You were Xom's teddy bear.
You visited 2 branches of the dungeon, and saw 13 of its levels.
You also visited: Ossuary.

You collected 393 gold pieces.

Inventory:

Hand Weapons
 a - a +0 hand axe of electrocution
 i - a +0 short sword of protection
 p - a +3 battleaxe of venom (weapon)
 y - a +3 dagger of speed
 I - the +0 trident of Dismay {vamp, Will+}
   (You found it on level 1 of the Lair of Beasts)

   Will:      It increases your willpower.
Missiles
 x - 6 boomerangs (quivered)
 J - a throwing net
Armour
 b - a +2 leather armour (worn)
 h - a +1 hat (worn)
 l - a +2 robe of willpower
 A - a +0 cloak of willpower (worn)
 F - a +2 pair of gloves of hurling (worn)
Magical Staves
 m - a staff of poison
Jewellery
 j - an amulet of magic regeneration
 r - a ring of wizardry (left hand)
 H - a ring of positive energy (right hand)
Wands
 e - a wand of mindburst (13)
 k - a wand of digging (9)
 o - a wand of iceblast (9)
 q - a wand of flame (26)
 t - a wand of acid (4)
Scrolls
 d - 2 scrolls of amnesia
 v - 4 scrolls of magic mapping
 E - 4 scrolls of identify
 G - a scroll of fog
Potions
 f - 2 potions of berserk rage
 g - 2 potions of might
 n - a potion of heal wounds
 u - 2 potions of resistance
 w - 2 potions of invisibility
 z - 3 potions of brilliance
 B - a potion of curing
 C - 3 potions of magic
Miscellaneous
 c - a piece from Xom's chessboard (15/15)


   Skills:
 + Level 7.9 Fighting
 + Level 1.7 Short Blades
 + Level 12.2 Axes
 * Level 7.4 Armour
 * Level 5.9 Dodging
 * Level 5.4 Stealth
 * Level 6.2 Evocations


You had 4 spell levels left.
You knew the following spells:

 Your Spells              Type           Power      Damage    Failure   Level
a - Beastly Appendage     Tmut           0%         N/A       16%         1
b - Sandblast             Erth           0%         2d4       16%         1
c - Passwall              Tmut/Erth      0%         N/A       24%         2
d - Wereblood             Tmut           0%         N/A       24%         2

Your spell library contained the following spells:

 Spells                   Type           Power      Damage    Failure   Level
 Lesser Beckoning         Tloc           0%         N/A       24%         2
 Static Discharge         Conj/Air       0%         2-2/arc   24%         2
 Gell's Gravitas          Tloc           0%         N/A       41%         3
 Spider Form              Tmut/Pois      0%         N/A       41%         3
 Stone Arrow              Conj/Erth      0%         3d7       41%         3
 Teleport Other           Tloc           0%         N/A       41%         3
 Airstrike                Air            0%         2d(0-16)  80%         4
 Summon Lightning Spire   Summ/Air       0%         N/A       80%         4


Dungeon Overview and Level Annotations

Branches:
Dungeon (11/15)              Lair (2/5) D:8         Ossuary (visited)
 Temple: D:4-7        Swamp: Lair:2-3    Shoals: Lair:2-3     Snake: Lair:2-3
 Spider: Lair:2-3       Orc: D:9-12

Altars:
Elyvilon
Hepliaklqana
Makhleb
Okawaru
Xom

Shops:
D:4 [   D:6 *

Annotations:
D:4 exclusion: downstairs
D:6 exclusions: downstairs and 2 upstairs


Innate Abilities, Weirdness & Mutations

You have sharp fingernails.
You have an increased reservoir of magic. (+10% MP)
A frigid envelope surrounds you and freezes all who hurt you.
You are resistant to electric shocks. (rElec)
You passively dampen the noise of your surroundings.


Message History

The centaur wields a +0 shortbow of draining.
You sense an unholy aura.
The centaur shoots an arrow.
The arrow hits you but does no damage. You partially resist.
The centaur shoots an arrow.
Reactivating autopickup.
You feel a bit more experienced.
A centaur comes into view.
A spriggan comes into view.
A centaur comes into view.
The centaur shoots an arrow.
The arrow hits you!
The centaur shoots an arrow.
The arrow hits you!
The centaur shoots an arrow.
The arrow misses you. The yak gores you but does no damage.
The yak is very cold.
The yak is lightly wounded.
A manticore comes into view.
The centaur shoots an arrow.
The arrow closely misses you.
The centaur shouts!
Found 11 gold pieces.
The centaur shoots an arrow.
The arrow hits you!
The centaur shoots an arrow.
The arrow hits you! You partially resist.
You feel drained.
A two-headed ogre comes into view. It is wielding two +0 giant clubs.
The spriggan shouts!
The two-headed ogre shouts in stereo!
You slash the yak!
The yak looks as sick as possible!
The yak is heavily wounded.
You hear two shouts!
The centaur shoots an arrow.
The arrow hits you!
* * * LOW HITPOINT WARNING * * *
The centaur shoots an arrow.
The arrow hits you.
* * * LOW HITPOINT WARNING * * *
The yak barely misses you.
You barely miss the yak.
The yak is severely wounded.
You hack one of the four-headed hydra's heads off!
The three-headed hydra grows two more!
You hit the five-headed hydra.
The centaur shoots an arrow.
The arrow closely misses you. The yak closely misses you.
The centaur shoots an arrow.
The arrow barely misses you.
The centaur shoots an arrow.
The arrow hits you!
* * * LOW HITPOINT WARNING * * *
A four-headed hydra comes into view.
The five-headed hydra bites you!
You die...
Xom chuckles heartily!

#.....###.#......
#.........#.8.8.#y
#.........#..8...(
#.........#.8.8.
#######.#....
..cc....#V=# ..
.c......#..##....
.c.cc....Y......#
........#@###...
.c......#.D..$...
........#⌠.c.⌠###
##+#....#..#i."BD
#....#.###O##.
+....#.. H!.
#....#⌠. #.. #..
#.


You could see a boulder beetle, a five-headed hydra, a four-headed hydra
(wandering), a two-headed ogre, a manticore, a yaktaur, a yak (extremely
poisoned), a vampire, a spriggan and 4 centaurs.

Vanquished Creatures
  Harold (Lair:1)
  Maurice (D:8)
  A komodo dragon (Lair:2)
  A troll (D:11)
  A blink frog (D:8)
  8 yaks
  4 wyverns
  A human (D:8)
  Grum (D:8)
  A wraith (Ossuary)
  A vampire mosquito (D:11)
  4 water moccasins
  An ice beast (D:7)
  A sky beast (D:6)
  7 wolves
  A centaur (D:7)
  A phantom (D:6)
  3 bullfrogs
  3 scorpions
  4 wights (D:6)
  4 killer bees
  5 howler monkeys
  2 orc priests (D:6)
  4 hounds
  A human zombie (Ossuary)
  An iguana (D:6)
  2 orc wizards (D:10)
  3 mummies (Ossuary)
  A gnoll (D:6)
  An adder (D:3)
  A river rat (D:1)
  An ufetubus (D:7)
  A worm (D:3)
  5 dart slugs
  6 orcs
  An endoplasm (D:1)
  3 giant cockroaches
  3 goblins
  3 hobgoblins
  3 jackals (D:1)
  3 quokkas (D:1)
  6 ball pythons
  2 bats (D:1)
  3 frilled lizards (D:1)
  4 goblin zombies
  3 hobgoblin zombies (Ossuary)
  5 kobolds
  3 kobold zombies (Ossuary)
  4 rats
  A rat zombie (D:8)
131 creatures vanquished.

Vanquished Creatures (collateral kills)
  Joseph (Lair:1)
  A cane toad (Lair:1)
  A wyvern (D:7)
  A basilisk (Lair:1)
  A water moccasin (Lair:1)
  Jessica (D:2)
  Terence (D:2)
  2 adders (D:2)
  A worm (D:2)
  A ball python (D:2)
  A bat (D:2)
  A giant cockroach (D:2)
  A frilled lizard (D:2)
  3 kobolds (D:2)
  A rat (D:2)
18 creatures vanquished.

Vanquished Creatures (others)
  An unseen horror (D:11)
1 creature vanquished.

Grand Total: 150 creatures vanquished

Notes
Turn   | Place    | Note
-------+----------+-------------------------------------------
     0 | D:1      | Acheron the Hill Orc Chaos Knight began the quest for the
                  | Orb.
     0 | D:1      | Reached XP level 1. HP: 19/19 MP: 1/1
    15 | D:1      | XOM: divination: magic mapping
   106 | D:2      | XOM: noise
   137 | D:1      | XOM: god gift: wand of mindburst (9)
   189 | D:1      | Reached skill level 1 in Dodging
   189 | D:1      | Reached XP level 2. HP: 19/27 MP: 2/2
   318 | D:1      | XOM: polymorph kobold -> river rat
   469 | D:1      | Reached XP level 3. HP: 23/33 MP: 3/3
  1008 | D:2      | Noticed Jessica
  1016 | D:2      | Killed Jessica
  1017 | D:2      | Reached skill level 1 in Evocations
  1017 | D:2      | Reached XP level 4. HP: 40/40 MP: 4/4
  1086 | D:2      | Noticed Terence
  1092 | D:2      | Killed Terence
  1093 | D:2      | Reached skill level 1 in Stealth
  1100 | D:2      | Reached XP level 5. HP: 37/46 MP: 5/5
  1362 | D:3      | XOM: cloud trail
  1376 | D:3      | XOM: torment (25/47 hp)
  1771 | D:3      | XOM: give mutation
  1771 | D:3      | Gained mutation: You have an increased reservoir of magic.
                  | (+10% MP) [Xom's mischief]
  1831 | D:3      | Found a faded altar of an unknown god.
  1857 | D:3      | You fall into a shaft and drop 1 floor!
  1891 | D:4      | Found Nammal's Armour Shoppe.
  2126 | D:4      | XOM: give mutations
  2126 | D:4      | Gained mutation: You passively dampen the noise of your
                  | surroundings. [Xom's grace]
  2126 | D:4      | Gained mutation: A frigid envelope surrounds you and
                  | freezes all who hurt you. [Xom's grace]
  2190 | D:4      | XOM: give mutation
  2190 | D:4      | Gained mutation: You are resistant to electric shocks.
                  | (rElec) [Xom's grace]
  2267 | D:4      | Reached skill level 1 in Short Blades
  2486 | D:5      | Entered Level 5 of the Dungeon
  2486 | D:5      | Noticed an ogre
  2517 | D:5      | Reached skill level 5 in Axes
  2519 | D:5      | XOM: 1-stop teleportation journey
  2559 | D:5      | Reached XP level 6. HP: 34/53 MP: 6/6
  2794 | D:6      | XOM: cast spell 'Cause Fear'
  2812 | D:6      | Reached XP level 7. HP: 22/60 MP: 7/7
  2881 | D:6      | XOM: god gift: staff of poison
  2948 | D:7      | Noticed a wyvern
  3033 | D:6      | XOM: give mutation
  3033 | D:6      | Gained mutation: You have sharp fingernails. [Xom's grace]
  3157 | D:5      | XOM: summons friendly quasit
  3280 | D:6      | Reached skill level 6 in Axes
  3444 | D:5      | XOM: confuse monster(s)
  3494 | D:6      | Reached skill level 5 in Fighting
  3498 | D:6      | Reached XP level 8. HP: 38/64 MP: 8/8
  3854 | D:6      | XOM: silly message
  3991 | D:6      | Found Hudghus's Assorted Antiques.
  4041 | D:7      | Found a hazy altar of Hepliaklqana.
  4123 | D:7      | Found an iron altar of Okawaru.
  4127 | D:7      | Found a white marble altar of Elyvilon.
  4131 | D:7      | XOM: cast spell 'Chain of Chaos'
  4151 | D:7      | Reached skill level 7 in Axes
  4189 | D:7      | XOM: noise
  4193 | D:7      | XOM: summons 3 friendly demons
  4197 | D:7      | Killed a wyvern
  4236 | D:7      | Found a burning altar of Makhleb.
  4248 | D:8      | Noticed Maurice
  4255 | D:8      | Killed Maurice
  4256 | D:8      | Reached skill level 5 in Armour
  4256 | D:8      | Reached XP level 9. HP: 61/75 MP: 9/9
  4353 | D:8      | Found a sand-covered staircase.
  4372 | D:8      | Reached skill level 8 in Axes
  4374 | Ossuary  | Entered an ossuary
  4398 | Ossuary  | XOM: smoke on damage
  5116 | D:8      | XOM: summons 2 friendly demons
  5121 | D:8      | XOM: polymorph yak -> human
  5125 | D:8      | XOM: scenery: create altars
  5130 | D:8      | Noticed Grum
  5136 | D:8      | Reached skill level 9 in Axes
  5140 | D:8      | Killed Grum
  5154 | D:8      | XOM: snakes to sticks
  5326 | D:8      | XOM: potion effect (invisibility)
  5330 | D:8      | Found a staircase to the Lair.
  5381 | D:8      | Reached skill level 5 in Dodging
  5506 | D:8      | XOM: polymorph yak -> blink frog
  5507 | D:8      | Reached skill level 5 in Evocations
  5507 | D:8      | Reached XP level 10. HP: 59/84 MP: 11/11
  5511 | D:8      | Reached skill level 10 in Axes
  5530 | D:8      | XOM: destruction
  5589 | Lair:1   | Entered Level 1 of the Lair of Beasts
  5598 | Lair:1   | Identified the +0 trident of Dismay {vamp, Will+}
  5601 | Lair:1   | Noticed Harold
  5663 | Lair:2   | XOM: scenery: create altars
  5684 | Lair:1   | XOM: destruction
  5691 | Lair:1   | Killed Harold
  5695 | Lair:1   | Reached skill level 11 in Axes
  5710 | Lair:1   | Noticed Joseph
  5825 | Lair:2   | XOM: scenery: summon butterflies
  5908 | Lair:1   | XOM: summons 10 friendly demons
  5914 | Lair:1   | Noticed a cane toad
  5922 | Lair:1   | Killed Joseph
  5926 | Lair:1   | Killed a cane toad
  5927 | Lair:1   | Reached skill level 5 in Stealth
  6291 | D:8      | XOM: 3-stop teleportation journey
  6330 | D:10     | Entered Level 10 of the Dungeon
  6340 | D:10     | Noticed a two-headed ogre
  6340 | D:10     | XOM: 8-stop teleportation journey
  6421 | D:11     | Learned a level 1 spell: Beastly Appendage
  6423 | D:11     | Learned a level 1 spell: Sandblast
  6426 | D:11     | Learned a level 2 spell: Passwall
  6429 | D:11     | Learned a level 2 spell: Wereblood
  6450 | D:11     | XOM: summons 2 friendly demons
  6453 | D:11     | XOM: summons friendly iron imp
  6463 | D:11     | Reached XP level 11. HP: 93/93 MP: 12/12
  6471 | D:11     | Reached skill level 12 in Axes
  6714 | D:11     | Noticed a boulder beetle
  6714 | D:11     | Noticed a four-headed hydra
  6715 | D:11     | Noticed a manticore
  6716 | D:11     | Noticed a two-headed ogre
  6718 | D:11     | Noticed a four-headed hydra
  6718 | D:11     | Slain by a five-headed hydra

Illustrated notes

Levels and vault maps discovered:
D:1:      sevenhm_arrival_forest_fort_small_3, layout_loops_corners
D:2:      layout_rooms, uniq_terence, uniq_jessica
D:3:      layout_basic, hellmonk_ecumenical_altar_inner_sanctum
D:4:      layout_rooms, serial_shops, nicolae_shop_statue_plus, serial_rivers,
          chequers_serial_rivers_large_a, chequers_serial_rivers_small_b,
          chequers_serial_rivers_micro_c, chequers_serial_rivers_micro_d,
          chequers_serial_rivers_marsh, chequers_serial_rivers_small_3
D:5:      layout_cave_pools, zin_angel, nicolae_qazlal_style_of_elements,
          minmay_temple_entry_poolview
D:6:      layout_basic, serial_shops, nicolae_shop_hallway_plus,
          kennysheep_generic_room_8
D:7:      layout_rooms, mainiacjoe_overflow_cross_hatched,
          mainiacjoe_overflow_paths, grunt_temple_overflow_open,
          grunt_temple_overflow_diamond, minmay_misc_feat_alley, st_stairs_6,
          eino_jars
D:8:      layout_loops_ring, minmay_lair_entry_grove, enter_ossuary_4,
          kennysheep_generic_room_4, uniq_maurice, uniq_grum
D:9:      layout_basic, nicolae_ru_great_annihilating_truth
D:10:     layout_rooms, mainiacjoe_overflow_24_doors,
          kennysheep_decorative_pillar
D:11:     minmay_the_grid_square_5x5_5x5_mashed
          [minmay_the_grid_square_5x5_hourglass,
          minmay_the_grid_square_5x5_seven, minmay_the_grid_square_5x5_inner_z,
          minmay_the_grid_square_5x5_two_walls_a,
          minmay_the_grid_square_5x5_three_walls,
          minmay_the_grid_square_5x5_shrine1,
          minmay_the_grid_square_5x5_prize_monsterx,
          minmay_the_grid_square_5x5_two_small,
          minmay_the_grid_square_5x5_prize_deathbox,
          minmay_the_grid_square_5x5_six_small,
          minmay_the_grid_square_5x5_trominoes,
          minmay_the_grid_square_5x5_one_wall,
          minmay_the_grid_square_5x5_prize_pseudospiral,
          minmay_the_grid_square_5x5_almost_minimal,
          minmay_the_grid_square_5x5_detours,
          minmay_the_grid_square_5x5_shrine2,
          minmay_the_grid_square_5x5_prize_waves,
          minmay_the_grid_square_5x5_bracketed,
          minmay_the_grid_square_5x5_prize_snowflake,
          minmay_the_grid_square_5x5_inset, minmay_the_grid_square_5x5_meh,
          minmay_the_grid_square_5x5_broken_cross,
          minmay_the_grid_square_5x5_lines, minmay_the_grid_square_5x5_n_small,
          minmay_the_grid_square_5x5_checkered], layout_gridville, orc_0_dummy
Lair:1:   minmay_lair_oklob_chamber, layout_misc_corridors,
          nicolae_lair_lakeside_cave, infiniplex_staircase_pool_2, uniq_joseph,
          uniq_harold, uniq_sonja
Lair:2:   layout_cave_pods, lemuel_fruit_tree

Skill      XL: |  1  2  3  4  5  6  7  8  9 10 11 |
---------------+----------------------------------+-----
Dodging        | 1 2 3 4 5 |  5.9
Fighting       | 4 5 6 7 |  7.9
Evocations     | 1 2 3 5 6 |  6.2
Stealth        | 1 2 3 4 5 |  5.4
Armour         | 3 5 6 7 |  7.4
Short Blades   | 1 |  1.7
Axes           | 5 6 7 9 11 12 | 12.2

Action                     |  1- 3 |  4- 6 |  7- 9 | 10-12 || total
---------------------------+-------+-------+-------+-------++-------
  Melee: Hand axe          |    57 |    61 |   119 |       ||   237
         Punch             |     2 |     1 |     1 |       ||     4
         Short sword       |    76 |    52 |       |       ||   128
         Battleaxe         |       |       |    61 |    75 ||   136
  Evoke: Wand              |       |       |     6 |       ||     6
         Piece from Xom's  |       |       |     1 |       ||     1
    Use: Scroll            |       |    10 |     9 |     2 ||    21
         Potion            |       |     8 |       |     3 ||    11
   Stab: Sleeping          |       |       |     3 |       ||     3
         Distracted        |       |       |       |     1 ||     1
 Armour: Leather armour    |    57 |     7 |    56 |    33 ||   153
         Robe              |       |    22 |       |       ||    22
  Dodge: Dodged            |    79 |    71 |    93 |    75 ||   318
